 Dungeon Crawl Stone Soup version 0.23.2-33-g5129a83184 (webtiles) character file.

Game seed: 4608081207482761868

3006 kae the Fencer (level 9, -15/79 HPs)
             Began as a Minotaur Fighter on July 24, 2019.
             Was a Priest of Qazlal.
             Demolished by an orc knight
             ... wielding a +0 war axe
              (20 damage)
             ... in a bailey.
             The game lasted 00:06:51 (5597 turns).

kae the Fencer (Minotaur Fighter)                   Turns: 5597, Time: 00:06:52

Health: -15/79     AC:  7    Str: 24    XL:     9   Next: 54%
Magic:  10/10      EV:  9    Int:  5    God:    Qazlal [***...]
Gold:   124        SH:  4    Dex: 10    Spells: 8/8 levels left

rFire    . . .     SeeInvis .   e - +2 great sword (holy)
rCold    . . .     Gourm    .   (shield currently unavailable)
rNeg     . . .     Faith    .   b - +0 scale mail
rPois    .         Spirit   .   (helmet restricted)
rElec    .         Reflect  .   (no cloak)
rCorr    .         Harm     .   (no gloves)
MR       .....                  (no boots)
Stlth    ..........             s - amulet of the acrobat
HPRegen  0.23/turn              (no ring)
MPRegen  0.12/turn              (no ring)

@: lightly drained
A: retaliatory headbutt, horns 2
a: Upheaval, Elemental Force, Renounce Religion


You were in a bailey.
You worshipped Qazlal.
Qazlal was most pleased with you.
You were very hungry.

You visited 2 branches of the dungeon, and saw 8 of its levels.
You also visited: Bailey.

You collected 352 gold pieces.
You spent 228 gold pieces at shops.

Inventory:

Hand Weapons
 a - a +1 long sword
 e - a +2 great sword of holy wrath (weapon)
Armour
 b - a +0 scale mail (worn)
 c - a +0 shield
Jewellery
 s - an amulet of the acrobat (around neck)
Wands
 u - a wand of iceblast (11)
Scrolls
 h - a scroll of remove curse
 r - a scroll of fear
Potions
 g - 2 potions of flight
 j - a potion of berserk rage {unknown}
 k - a potion of brilliance {unknown}
 l - 3 potions of curing {unknown}
 m - 3 potions of heal wounds {unknown}
 n - a potion of ambrosia {unknown}
 o - 2 potions of cancellation {unknown}
 q - a potion of haste {unknown}
 t - a potion of degeneration {unknown}
Comestibles
 f - 12 rations


   Skills:
 + Level 7.0(6.8) Fighting
 * Level 15.6(15.4) Long Blades
 - Level 5.5(5.3) Armour
 - Level 5.4(5.2) Shields
 + Level 3.2(3.1) Invocations


You had 8 spell levels left.
You didn't know any spells.
Your spell library was empty.

Dungeon Overview and Level Annotations

Branches:
Dungeon (7/15)             Temple (1/1) D:4

Altars:
Ashenzari
Cheibriados
Dithmenos
Elyvilon
Fedhas
Gozag
Hepliaklqana
Kikubaaqudgha
Makhleb
Nemelex Xobeh
Okawaru
Qazlal
Ru
Sif Muna
Trog
Uskayaw
Vehumet
Wu Jian
Xom
Yredelemnul
Zin
The Shining One

Shops:
D:6 (=([[


Innate Abilities, Weirdness & Mutations

You reflexively headbutt those who attack you in melee.
You have a pair of horns on your head.


Message History

You slash the gnoll!
You kill the gnoll!
Qazlal accepts your kill.
The hobgoblin is struck by lightning.
You kill the hobgoblin!
Qazlal accepts your kill.
The orc knight hits you with a +0 war axe!
The orc warrior hits you with a +0 war axe!
You slice the orc knight!!
The orc knight is heavily wounded.
The orc knight closely misses you.
You riposte.
You hit the orc knight but do no damage.
The orc knight is heavily wounded.
The orc knight hits you with a +0 war axe!
The orc warrior hits you with a +0 war axe!!
* * * LOW HITPOINT WARNING * * *
You hit the orc knight.
The orc knight is heavily wounded.
The orc knight hits you with a +0 war axe!!
You die...

##### #..(#
#...# ... ###
##o######
#...#ogo#..!#
#?..go8oog.!#
#$..#o§@#..)#
### ##o## ###
#.o #.. #..
######+#####
#....≈.≈....
#'###≈.≈###'#
#....≈.≈....#


You could see 2 orc knights, 4 orc warriors, 3 orcs and 3 hobgoblins.

Vanquished Creatures
  Grinder (D:3)
  Sigmund (D:6)
  Eustachio (D:4)
  Edmund (D:6)
  An orc warrior (D:6)
  A black bear (D:6)
  2 ogres
  4 centaurs
  A big kobold (D:7)
  A water moccasin skeleton (D:6)
  A scorpion (D:7)
  A howler monkey (D:4)
  2 crimson imps
  3 hounds
  A centaur zombie (D:7)
  An orc priest (D:6)
  4 bullfrog skeletons
  3 jellies
  A gnoll shaman (D:6)
  10 orc wizards
  An iguana (D:7)
  6 worker ants
  2 hound zombies
  A worker ant zombie (D:6)
  8 gnolls
  6 adders
  2 oozes
  A worm (D:3)
  A dart slug (D:3)
  5 leopard geckos
  13 orcs
  5 giant cockroaches
  10 goblins
  6 hobgoblins
  21 jackals
  4 quokkas
  4 ball pythons
  5 bats
  4 frilled lizards
  27 kobolds
  2 leopard gecko skeletons
  4 rats
179 creatures vanquished.

Notes
Turn   | Place    | Note
-------+----------+-------------------------------------------
     0 | D:1      | kae the Minotaur Fighter began the quest for the Orb.
     0 | D:1      | Reached XP level 1. HP: 19/19 MP: 0/0
    40 | D:1      | Reached XP level 2. HP: 18/27 MP: 1/1
   416 | D:1      | Reached skill level 3 in Long Blades
   416 | D:1      | Reached XP level 3. HP: 31/33 MP: 2/2
  1475 | D:3      | Noticed Grinder
  1478 | D:3      | Paralysed by Grinder for 3 turns
  1486 | D:3      | Reached XP level 4. HP: 41/41 MP: 3/3
  1498 | D:3      | Paralysed by Grinder for 4 turns
  1514 | D:3      | Killed Grinder
  1514 | D:3      | Reached skill level 5 in Fighting
  1514 | D:3      | Reached skill level 4 in Long Blades
  1514 | D:3      | Reached skill level 5 in Armour
  1514 | D:3      | Reached skill level 5 in Shields
  1514 | D:3      | Reached XP level 5. HP: 29/48 MP: 4/4
  1514 | D:3      | Reached XP level 6. HP: 34/56 MP: 5/5
  2037 | D:4      | Reached skill level 14 in Long Blades
  2037 | D:4      | Reached XP level 7. HP: 61/61 MP: 6/6
  2041 | D:4      | Noticed Eustachio
  2061 | D:4      | Killed Eustachio
  2089 | D:4      | Found a staircase to the Ecumenical Temple.
  2118 | Temple   | Entered the Ecumenical Temple
  2316 | Temple   | Became a worshipper of Qazlal Stormbringer
  2828 | D:5      | Entered Level 5 of the Dungeon
  2905 | D:5      | Found a white marble altar of Elyvilon.
  2938 | D:5      | Reached XP level 8. HP: 67/69 MP: 7/7
  3006 | D:5      | Found a burning altar of Makhleb.
  3008 | D:5      | Found a shimmering altar of Xom.
  3008 | D:5      | Found an ancient bone altar of Kikubaaqudgha.
  3013 | D:5      | Found an opulent altar of Gozag.
  3014 | D:5      | Found a glowing golden altar of the Shining One.
  3153 | D:5      | Reached skill level 1 in Invocations
  3255 | D:5      | Found a snail-covered altar of Cheibriados.
  3370 | D:5      | Found a sparkling altar of Nemelex Xobeh.
  3457 | D:6      | Noticed Sigmund
  3462 | D:6      | Noticed Edmund
  3471 | D:6      | Killed Sigmund
  3471 | D:6      | Reached skill level 15 in Long Blades
  3477 | D:6      | Killed Edmund
  3535 | D:6      | Found Ceapsusch's Armour Shoppe.
  3608 | D:6      | Reached * piety under Qazlal
  3829 | D:6      | Reached XP level 9. HP: 46/75 MP: 9/9
  4551 | D:6      | Found a hazy altar of Hepliaklqana.
  4563 | D:6      | Found Yrrut's Armour Shop.
  4612 | D:6      | Found Ileaxyuwupn's Weapon Boutique.
  4653 | D:6      | Found Ydeptaih's Jewellery Shop.
  4789 | D:6      | Found Luceumeck's Antique Weapon Boutique.
  4798 | D:6      | Bought a runed great sword for 228 gold pieces
  4847 | D:7      | Reached ** piety under Qazlal
  4952 | D:7      | Found a flagged portal.
  5039 | Bailey   | Entered a bailey
  5385 | Bailey   | Reached *** piety under Qazlal
  5589 | Bailey   | Noticed an orc knight
  5592 | Bailey   | Noticed an orc knight
  5597 | Bailey   | Demolished by an orc knight

Skill      XL: |  1  2  3  4  5  6  7  8  9 |
---------------+----------------------------+-----
Fighting       | 4 5 6 7 |  7.0
Armour         | 4 5 |  5.5
Shields        | 4 5 |  5.4
Long Blades    | 3 4 14 15 | 15.6
Invocations    | 2 3 |  3.2

Action                   |  1- 3 |  4- 6 |  7- 9 || total
-------------------------+-------+-------+-------++-------
Melee: Long sword        |   112 |    67 |   212 ||   391
       Headbutt          |     8 |     9 |    53 ||    70
       Great sword       |       |       |    70 ||    70
  Use: Scroll            |     7 |     3 |     5 ||    15
       Potion            |     1 |     1 |     3 ||     5
 Stab: Fleeing           |     1 |       |       ||     1
  Eat: Chunk             |     1 |     2 |    11 ||    14
Armor: Scale mail        |    42 |    24 |    92 ||   158
       Skin              |    18 |    36 |       ||    54
Dodge: Dodged            |    47 |    12 |   134 ||   193
Block: Shield            |    67 |    52 |   100 ||   219
       Other             |       |       |    22 ||    22
       Rpst.: Long sword |    10 |     4 |     9 ||    23
       Great sword       |       |       |     5 ||     5
